AoeStats
← [KT]bet52

Four Lakes

510272222Analyzed
1v1 RM · 2d ago on Sep 30, 2026· 70m 27s· 2 players
Game mode
Random Map
Map size
Tiny (2 player)
Population
200
Speed
Normal
Resources
Standard
Victory
Conquest
Starting age
Dark Age
Ending age
Imperial Age
RankedLock teamsTeams togetherTeam positionsShared explorationLock speedFull tech treeHidden civsTurbo modeCheats
Victory
Defeat
🇸🇪 Italians · Sweden
1186
+16
🇲🇽 Romans · Mexico
1195
-16
Klypabaarke
9:00 Loom
11:12 Feudal Age
12:13 Double-Bit Axe
16:46 Fletching
20:26 Castle Age
19:40 Gold Mining
21:06 Padded Archer Armor
20:44 Crossbowman
21:21 Bodkin Arrow
25:06 Wheelbarrow
24:52 Fishing Lines
25:37 Bow Saw
27:54 Ballistics
30:08 Hand Cart
30:46 Masonry
30:58 Leather Archer Armor
34:46 Horse Collar
39:15 Imperial Age
37:52 Thumb Ring
40:03 Bracer
41:40 Scale Mail Armor
42:16 Squires
43:06 Forging
45:55 Conscription
47:22 Chain Mail Armor
47:45 Heavy Plow
48:29 Iron Casting
49:05 Plate Mail Armor
49:27 Block Printing
49:14 Light Cavalry
50:37 Bloodlines
51:42 Redemption
52:40 Chemistry
51:09 Elite Skirmisher
51:12 Arbalester
52:24 Husbandry
52:32 Town Watch
56:38 Scale Barding Armor
58:00 Hussar
59:52 Chain Barding Armor
62:09 Plate Barding Armor
62:35 Blast Furnace
62:42 Ring Archer Armor
63:06 Pirotechnia
64:17 Architecture
[KT]bet52
7:51 Loom
10:09 Feudal Age
10:40 Double-Bit Axe
10:21 Man-at-Arms
14:49 Fletching
19:47 Castle Age
19:38 Padded Archer Armor
19:52 Crossbowman
20:38 Bodkin Arrow
24:40 Wheelbarrow
25:04 Bow Saw
28:28 Hand Cart
32:14 Imperial Age
30:49 Hand Cart
34:45 Scale Barding Armor
34:51 Forging
37:50 Ballistics
38:39 Chemistry
39:12 Heavy Scorpion
42:19 Capped Ram
46:14 Onager
49:29 Scale Mail Armor
50:05 Iron Casting
49:03 Long Swordsman
49:44 Squires
51:06 Chain Mail Armor
50:26 Legionary
53:24 Blast Furnace
53:14 Town Watch
59:20 Cavalier
60:01 Husbandry
60:12 Bloodlines
60:33 Chain Barding Armor
63:02 Plate Barding Armor
63:04 Light Cavalry
Connection lost

Rejoining the realm…

Still unreachable

The connection could not be restored.

Session expired

The server has moved on; the page needs a fresh start.